 Dungeon Crawl Stone Soup version 0.29-a0-340-g6efceafd81 (webtiles) character file.

Game seed: 10555240990289266812

172 enile the Chiller (level 5, 0/55 HPs)
             Began as a Gnoll Wanderer on Apr 20, 2022.
             Was an Initiate of Wu Jian.
             Killed from afar by Natasha (4 damage)
             ... with a magic dart
             ... on level 3 of the Dungeon.
             The game lasted 00:06:04 (4748 turns).

enile the Chiller (Gnoll Wanderer)                  Turns: 4748, Time: 00:06:05

Health: 0/55       AC:  2    Str: 11    XL:     5   Next: 53%
Magic:  6/9        EV: 11    Int: 10    God:    Wu Jian [......]
Gold:   124        SH:  5    Dex: 15    Spells: 6/10 levels left

rFire   . . .      SeeInvis .   g - +0 war axe
rCold   . . .      Faith    .   c - +0 buckler
rNeg    . . .      Spirit   .   e - +0 robe
rPois   .          Reflect  .   (no helmet)
rElec   .          Harm     .   (no cloak)
rCorr   .          Rampage  .   (no gloves)
Will    .....                   (no boots)
Stlth   ..........              (no amulet)
HPRegen 0.18/turn               (no ring)
MPRegen 0.11/turn               (no ring)

@: berserking, about to teleport, very quick
A: fangs 1, strong nose, distributed training
a: Renounce Religion


You were on level 3 of the Dungeon.
You worshipped Wu Jian.
Wu Jian was noncommittal.
You visited 1 branch of the dungeon, and saw 3 of its levels.

You collected 124 gold pieces.

Inventory:

Hand Weapons
 a - a +2 dagger
 g - a +0 war axe (weapon)
Missiles
 n - 4 poisoned darts (quivered)
Armour
 c - a +0 buckler (worn)
 e - a +0 robe (worn)
 m - a +0 cloak
Scrolls
 f - 3 scrolls of teleportation
 l - 2 scrolls of amnesia
 u - a scroll of summoning {unknown}
Potions
 d - a potion of curing
 i - a potion of brilliance {unknown}
 j - 2 potions of degeneration {unknown}
 k - a potion of cancellation {unknown}
 o - a potion of haste {unknown}
 q - a potion of magic {unknown}
 r - a potion of might {unknown}
 s - a potion of heal wounds {unknown}
 t - a potion of lignification {unknown}
 v - a potion of attraction {unknown}


   Skills:
 + Level 1.5 Fighting
 + Level 1.5 Short Blades
 + Level 1.5 Long Blades
 + Level 1.5 Axes
 + Level 1.5 Maces & Flails
 + Level 1.5 Polearms
 + Level 1.5 Staves
 + Level 1.5 Slings
 + Level 1.5 Bows
 + Level 1.5 Crossbows
 + Level 1.5 Throwing
 + Level 3.0 Armour
 + Level 1.5 Dodging
 + Level 6.1 Stealth
 + Level 3.0 Shields
 + Level 1.5 Unarmed Combat
 + Level 3.2 Spellcasting
 + Level 1.2 Conjurations
 + Level 1.2 Hexes
 + Level 1.2 Summonings
 + Level 1.2 Necromancy
 + Level 1.2 Translocations
 + Level 1.2 Transmutations
 + Level 1.2 Fire Magic
 + Level 7.2 Ice Magic
 + Level 1.2 Air Magic
 + Level 1.2 Earth Magic
 + Level 1.2 Poison Magic
 + Level 1.7 Invocations
 + Level 1.5 Evocations


You had 6 spell levels left.
You knew the following spells:

 Your Spells              Type           Power      Damage    Failure   Level
a - Freeze                Ice            64%        1d8       1%          1
b - Ozocubu's Armour      Ice            16%        N/A       5%          3

Your spell library contained the following spells:

 Spells                   Type           Power      Damage    Failure   Level
 Animate Skeleton         Necr           8%         N/A       22%         1
 Corpse Rot               Necr/Air       8%         N/A       32%         2
 Sublimation of Blood     Necr           4%         N/A       32%         2
 Vampiric Draining        Necr           4%         2d6       54%         3


Dungeon Overview and Level Annotations

Branches:
Dungeon (3/15)

Altars:
Hepliaklqana
Kikubaaqudgha
Makhleb
Vehumet
Wu Jian

Annotations:
D:3 1 runed translucent door, Crazy Yiuf, Grinder, Natasha


Innate Abilities, Weirdness & Mutations

You have very sharp teeth.
Your uncanny sense of smell can sniff out nearby items.
Your experience applies equally to all skills.


Message History

Grinder is nearby!
Grinder is nearby!
You aren't carrying any items that you can evoke.
Unknown command.
You see here a +0 dagger.
Natasha, Servant of Life and Death comes into view.
Natasha hisses angrily.
Natasha mumbles some strange words.
There's nothing to close nearby.
Casting: Freeze (safe; 1% risk of failure)
Confirm with . or Enter, or press ? or * to list all spells.
A film of ice covers your body! Natasha casts a spell at you.
The magic dart hits you. Natasha claws you.
Grinder shouts!
You slash Natasha!
Natasha is heavily wounded.
Grinder says, "DUCK!"
Natasha casts a spell at you. The magic dart hits you!
* * * LOW HITPOINT WARNING * * *
Okay, then.
As you read the scroll of teleportation, it crumbles to dust.
You feel strangely unstable.
Natasha mumbles some strange words.
Natasha's front paws start to glow.
Natasha closely misses you.
A red film seems to cover your vision as you go berserk!
You feel yourself moving faster!
You feel mighty!
Grinder says, "Make like a tree!"
Natasha claws you.
* * * LOW HITPOINT WARNING * * *
The iron imp hits you but does no damage.
Your icy armour will break if you move.
Continue?
Your icy armour cracks and falls away as you move.
You feel a strong urge to attack something.
Natasha stares at you and mumbles some strange words.
The magic dart hits you.
You die...

###############################
.............Z..Z........>....#
##...#################...####.#
#...# ###.#.####.# #...#
##########....<..##.# #.###
##≈≈≈≈≈≈≈≈###.#.#.##.# #.#
##≈≈.5....≈≈##...#.##.# #.#
##≈≈...##.h.≈≈###.#.##.# ##.#
##5≈....##@5..≈≈##.#.##.# ##.#
##≈≈....)##.....≈≈###.####
##.###≈≈......##..$...≈≈ #.#
##...#≈......####......≈ #)#
### ##.###≈.....## #.....≈##(#
#)g ##.# #≈.##### ####..'..#
#.. ##.# #≈.# #..').# .. #.#
#≈.. ....5≈##.# #+ #.###≈...
.....≈ #.# #.


You could see an iron imp (summoned) and Natasha.

Vanquished Creatures
  Natasha (twice) (D:3)
  A gnoll zombie (D:3)
  4 adders
  2 worms (D:2)
  A dart slug (D:2)
  3 orcs (D:3)
  10 ball pythons
  5 bats
  4 endoplasms
  A giant cockroach (D:1)
  5 goblins
  4 hobgoblins
  12 jackals
  2 kobolds
  6 quokkas
  2 frilled lizards (D:1)
  2 hobgoblin skeletons (D:3)
  An orc zombie (D:3)
  4 rats
71 creatures vanquished.

Vanquished Creatures (others)
  4 plants (D:3)
4 creatures vanquished.

Grand Total: 75 creatures vanquished

Notes
Turn   | Place    | Note
-------+----------+-------------------------------------------
     0 | D:1      | enile the Gnoll Wanderer began the quest for the Orb.
     0 | D:1      | enile set off with the following items: a +2 dagger, a
                  | potion of berserk rage, a +0 buckler, a potion of curing, a
                  | +0 robe; and the following spell memorised: Freeze; and the
                  | following spells available to memorise: Ozocubu's Armour
     0 | D:1      | Reached XP level 1. HP: 13/13 MP: 4/4
   215 | D:1      | Reached XP level 2. HP: 16/19 MP: 3/5
   498 | D:1      | Found a faded altar of an unknown god.
   507 | D:1      | Prayed at the altar of an unknown god.
   507 | D:1      | Became a worshipper of Kikubaaqudgha
   507 | D:1      | Reached * piety under Kikubaaqudgha
   507 | D:1      | Received a gift from Kikubaaqudgha
   752 | D:1      | Reached XP level 3. HP: 24/25 MP: 7/7
  1124 | D:1      | Reached skill level 1 in Invocations
  1381 | D:2      | Reached skill level 1 in Fighting
  1381 | D:2      | Reached skill level 1 in Short Blades
  1381 | D:2      | Reached skill level 1 in Long Blades
  1381 | D:2      | Reached skill level 1 in Axes
  1381 | D:2      | Reached skill level 1 in Maces & Flails
  1381 | D:2      | Reached skill level 1 in Polearms
  1381 | D:2      | Reached skill level 1 in Staves
  1381 | D:2      | Reached skill level 1 in Slings
  1381 | D:2      | Reached skill level 1 in Bows
  1381 | D:2      | Reached skill level 1 in Crossbows
  1381 | D:2      | Reached skill level 1 in Throwing
  1381 | D:2      | Reached skill level 1 in Dodging
  1381 | D:2      | Reached skill level 1 in Unarmed Combat
  1381 | D:2      | Reached skill level 1 in Evocations
  1694 | D:2      | Reached XP level 4. HP: 21/32 MP: 8/8
  1901 | D:2      | Found a radiant altar of Vehumet.
  2532 | D:3      | Found an ornate altar of the Wu Jian Council.
  2571 | D:3      | Noticed Natasha
  2575 | D:3      | Killed Natasha
  2576 | D:3      | Reached skill level 1 in Conjurations
  2576 | D:3      | Reached skill level 1 in Hexes
  2576 | D:3      | Reached skill level 1 in Summonings
  2576 | D:3      | Reached skill level 1 in Necromancy
  2576 | D:3      | Reached skill level 1 in Translocations
  2576 | D:3      | Reached skill level 1 in Transmutations
  2576 | D:3      | Reached skill level 1 in Fire Magic
  2576 | D:3      | Reached skill level 1 in Air Magic
  2576 | D:3      | Reached skill level 1 in Earth Magic
  2576 | D:3      | Reached skill level 1 in Poison Magic
  2598 | D:3      | Fell from the grace of Kikubaaqudgha
  2598 | D:3      | Became a worshipper of the Wu Jian Council
  2816 | D:3      | Found a runed translucent door.
  2817 | D:3      | Noticed Crazy Yiuf
  2883 | D:3      | Found a burning altar of Makhleb.
  2897 | D:3      | Reached XP level 5. HP: 17/37 MP: 5/9
  3779 | D:3      | Found a faded altar of an unknown god.
  3779 | D:3      | Found a hazy altar of Hepliaklqana.
  3781 | D:3      | Found a faded altar of an unknown god.
  4006 | D:3      | Noticed Natasha
  4023 | D:3      | Killed Natasha
  4354 | D:2      | Learned a level 3 spell: Ozocubu's Armour
  4734 | D:3      | Noticed Grinder
  4739 | D:3      | Noticed Natasha
  4748 | D:3      | Killed from afar by Natasha

Illustrated notes

Levels and vault maps discovered:
D:1:      evilmike_arrival_crescent, layout_loops_ring,
          ebering_ecumenical_altar_box
D:2:      layout_loops_corners, basic_altar, minmay_misc_feat_cross,
          minivault_14
D:3:      layout_basic, mainiacjoe_overflow_concentric_impassable,
          nicolae_hepliaklqana_ecumenical_no_more, mainiacjoe_overflow_24_doors,
          kennysheep_cross_room, uniq_natasha, uniq_grinder,
          uniq_crazy_yiuf_cottage

Skill      XL: |  1  2  3  4  5 |
---------------+----------------+-----
Stealth        | 6 |  6.1
Invocations    | 1 |  1.7
Fighting       | 1 |  1.5
Short Blades   | 1 |  1.5
Long Blades    | 1 |  1.5
Axes           | 1 |  1.5
Maces & Flails | 1 |  1.5
Polearms       | 1 |  1.5
Staves         | 1 |  1.5
Slings         | 1 |  1.5
Bows           | 1 |  1.5
Crossbows      | 1 |  1.5
Throwing       | 1 |  1.5
Dodging        | 1 |  1.5
Unarmed Combat | 1 |  1.5
Evocations     | 1 |  1.5
Spellcasting   | 3 |  3.2
Conjurations   | 1 |  1.2
Hexes          | 1 |  1.2
Summonings     | 1 |  1.2
Necromancy     | 1 |  1.2
Translocations | 1 |  1.2
Transmutations | 1 |  1.2
Fire Magic     | 1 |  1.2
Air Magic      | 1 |  1.2
Earth Magic    | 1 |  1.2
Poison Magic   | 1 |  1.2
Armour         | 3 |  3.0
Shields        | 3 |  3.0
Ice Magic      | |  7.2

Action                   |  1- 3 |  4- 6 || total
-------------------------+-------+-------++-------
Melee: Dagger            |    54 |    28 ||    82
       Bite              |     2 |     7 ||     9
       War axe           |       |    31 ||    31
Throw: Dart              |       |     3 ||     3
 Cast: Freeze            |    19 |    34 ||    53
       Ozocubu's Armour  |       |     1 ||     1
Invok: Lunge             |       |     6 ||     6
  Use: Scroll            |       |     8 ||     8
       Potion            |       |     4 ||     4
 Stab: Sleeping          |     5 |     5 ||    10
Armor: Robe              |    19 |    15 ||    34
Dodge: Dodged            |    42 |    47 ||    89
Block: Buckler           |    10 |    18 ||    28

Table legend: (Time is in decaauts)
 A = Elapsed time spent in this place.
 B = Non-inter-level travel time spent in this place.
 C = Inter-level travel time spent in this place.
 D = Time resting spent in this place.
 E = Time spent auto-exploring this place.
 F = Levels seen in this place.
 G = Mean time per level.
                   A        B        C        D        E       F      G
               +--------+--------+--------+--------+--------+-----+--------+
         Total |   4772 |   4665 |    107 |    873 |   3149 |   3 | 1590.7 |
       Dungeon |   4772 |   4665 |    107 |    873 |   3149 |   3 | 1590.7 |
               +--------+--------+--------+--------+--------+-----+--------+

Top non-repeatable levels by time:
     D:3: 1957 daAuts
     D:2: 1599 daAuts
     D:1: 1215 daAuts
